[Event "2nd Gujarat Open 2019"]
[Site "Ahmedabad, Gujarat"]
[Date "2019.09.27"]
[Round "8.12"]
[White "Liyanage, Ranindu Dilshan"]
[Black "Bharat Kumar Reddy Poluri"]
[Result "1/2-1/2"]
[ECO "E06"]
[WhiteElo "1956"]
[BlackElo "2304"]
[Annotator "NA"]
[PlyCount "96"]
[EventDate "2019.09.22"]
[EventType "swiss"]
[EventCountry "IND"]
[SourceTitle "playchess.com"]
[Source "ChessBase"]
[SourceQuality "1"]
[TimeControl "5400+30"]

1. d4 e6 2. c4 Nf6 3. Nf3 d5 4. g3 Be7 5. Bg2 O-O 6. O-O dxc4 7. Ne5 c5 8. dxc5 Qc7 9. Nxc4 Qxc5 10. b3 Rd8 11. Qc2 Nc6 12. Ba3 Nb4 13. Bxb4 Qxb4 14. Nbd2 Bd7 15. a3 Qb5 16. Ne4 Rac8 17. Nxf6+ Bxf6 18. Rad1 Qa6 19. Qd2 Bb5 20. Qb4 Rc7 21. Rxd8+ Bxd8 22. Rd1 Be7 23. Qd2 g5 24. Qb2 Bxc4 25. bxc4 b6 26. c5 bxc5 27. Qb8+ Rc8 28. Qb2 Qb6 29. Qc2 c4 30. Rd7 Rc7 31. Rxc7 Qxc7 32. Be4 Bxa3 33. Bxh7+ Kg7 34. Bd3 c3 35. Qa4 Bd6 36. Qg4 Qc5 37. h4 c2 38. Bxc2 Qxc2 39. Qd4+ Kg6 40. Qxd6 Qxe2 41. hxg5 Qe1+ 42. Kg2 Qe4+ 43. Kg1 Qb1+ 44. Kg2 Qb7+ 45. Kg1 Kxg5 46. Qf4+ Kg6 47. Qg4+ Kf6 48. Qh4+ Kg7 1/2-1/2

[Event "2nd Gujarat Open 2019"]
[Site "Ahmedabad, Gujarat"]
[Date "2019.09.27"]
[Round "8.13"]
[White "Neelotpal, Das"]
[Black "Patil, Pratik"]
[Result "1-0"]
[ECO "B43"]
[WhiteElo "2433"]
[BlackElo "2187"]
[Annotator "NA"]
[PlyCount "35"]
[EventDate "2019.09.22"]
[EventType "swiss"]
[EventCountry "IND"]
[SourceTitle "playchess.com"]
[Source "ChessBase"]
[SourceQuality "1"]
[TimeControl "5400+30"]

1. e4 c5 2. Nf3 e6 3. d4 cxd4 4. Nxd4 a6 5. Nc3 b5 6. Bd3 Qb6 7. Nb3 Qc7 8. O-O Nf6 9. f4 b4 10. Nb1 Bb7 11. Qe2 d6 12. N1d2 Nbd7 13. a3 a5 14. Nd4 Qb6 15. Nc4 Qc5 16. Be3 Qh5 17. Qxh5 Nxh5 18. Nb5 1-0

[Event "2nd Gujarat Open 2019"]
[Site "Ahmedabad, Gujarat"]
[Date "2019.09.27"]
[Round "8.14"]
[White "Rahman, Ziaur"]
[Black "Sobh, Amrou"]
[Result "1-0"]
[ECO "A45"]
[WhiteElo "2492"]
[BlackElo "2172"]
[Annotator "ChessBase"]
[PlyCount "111"]
[EventDate "2019.09.22"]
[EventType "swiss"]
[EventCountry "IND"]
[SourceTitle "playchess.com"]
[Source "ChessBase"]
[SourceQuality "1"]
[TimeControl "5400+30"]

1. d4 Nf6 2. Bg5 g6 3. Bxf6 exf6 4. e3 Bg7 5. c4 O-O 6. Nc3 d6 7. Be2 c5 8. Nf3 Nc6 9. h3 f5 10. O-O Qb6 11. Rb1 Re8 12. Nd5 Qd8 13. b4 b6 14. bxc5 dxc5 15. dxc5 bxc5 16. Qa4 Bd7 17. Qa3 Bf8 18. Rfd1 Nb4 19. Qb2 Nxd5 20. cxd5 Bd6 21. Bc4 Rb8 22. Qc3 Rb6 23. g3 Qb8 24. Rxb6 axb6 25. Rb1 Bxg3 26. Qb3 Qd6 27. Kg2 Be5 28. Qxb6 Rb8 29. Qxb8+ Qxb8 30. Rxb8+ Bxb8 31. Nd2 Kf8 32. Nb3 Ba7 33. h4 Bb6 34. Ba6 h5 35. Nd2 Bd8 36. Kg3 Bc7+ 37. Kg2 Ke7 38. Nc4 Ba4 39. f3 f6 40. Kf2 f4 41. e4 Bb8 42. Nb6 Bd7 43. a4 Ba7 44. a5 Kd8 45. Kg2 Be8 46. Nc4 Kc7 47. Nb2 Kd6 48. Nd3 g5 49. hxg5 fxg5 50. Bc4 Bg6 51. a6 Kc7 52. Bb5 Kb6 53. d6 Bb8 54. d7 Kc7 55. Nxc5 Bf7 56. Nb7 1-0

[Event "2nd Gujarat Open 2019"]
[Site "Ahmedabad, Gujarat"]
[Date "2019.09.27"]
[Round "8.15"]
[White "Laxman, R.R."]
[Black "Sanket Chakravarty"]
[Result "1-0"]
[ECO "A46"]
[WhiteElo "2437"]
[BlackElo "2158"]
[Annotator "NA"]
[PlyCount "103"]
[EventDate "2019.09.22"]
[EventType "swiss"]
[EventCountry "IND"]
[SourceTitle "playchess.com"]
[Source "ChessBase"]
[SourceQuality "1"]
[TimeControl "5400+30"]

1. d4 Nf6 2. Nf3 e6 3. c4 d5 4. e3 Be7 5. Nc3 O-O 6. Bd3 dxc4 7. Bxc4 a6 8. e4 c5 9. e5 Nd5 10. Bxd5 exd5 11. dxc5 Bxc5 12. Qxd5 Qxd5 13. Nxd5 Nc6 14. Be3 Bxe3 15. Nxe3 Re8 16. O-O-O h5 17. h3 Nxe5 18. Nxe5 Rxe5 19. Rd8+ Kh7 20. Kd2 Re7 21. Rd1 Rd7+ 22. Kc3 Rc7+ 23. Kb4 b5 24. Ka5 Raa7 25. Nd5 Rc2 26. Nb4 Rc5 27. R1d5 Rac7 28. Rxc5 Rxc5 29. Kb6 Rc4 30. a3 Be6 31. Kxa6 Rf4 32. Rd2 Bc4 33. g3 Rf6+ 34. Ka5 h4 35. gxh4 Kh6 36. Nc2 Kh5 37. Ne3 Kxh4 38. a4 bxa4 39. Nxc4 Rf4 40. Rc2 Kxh3 41. Kxa4 g5 42. b4 f5 43. b5 Rd4 44. b6 g4 45. b7 Rd8 46. Kb5 f4 47. Kb6 Rb8 48. Kc7 Rxb7+ 49. Kxb7 f3 50. Ne3 g3 51. fxg3 Kxg3 52. Nf1+ 1-0

[Event "2nd Gujarat Open 2019"]
[Site "Ahmedabad, Gujarat"]
[Date "2019.09.27"]
[Round "8.17"]
[White "Soham Datar"]
[Black "Vlassov, Nikolai"]
[Result "0-1"]
[ECO "A10"]
[WhiteElo "2160"]
[BlackElo "2384"]
[Annotator "NA"]
[PlyCount "86"]
[EventDate "2019.09.22"]
[EventType "swiss"]
[EventCountry "IND"]
[SourceTitle "playchess.com"]
[Source "ChessBase"]
[SourceQuality "1"]
[TimeControl "5400+30"]

1. c4 f5 2. g3 Nf6 3. Bg2 e5 4. Nc3 Nc6 5. d3 h6 6. e3 d6 7. Nge2 g5 8. h4 Bg7 9. Nd5 Be6 10. hxg5 hxg5 11. Rxh8+ Bxh8 12. d4 Bxd5 13. cxd5 Ne7 14. dxe5 dxe5 15. Nc3 e4 16. g4 Nxg4 17. Bxe4 Bxc3+ 18. bxc3 Qd7 19. Bf3 O-O-O 20. d6 cxd6 21. Rb1 Nc6 22. Ba3 Nge5 23. Bd5 f4 24. Qb3 Re8 25. Bxd6 fxe3 26. c4 exf2+ 27. Kf1 Ng4 28. Bf3 Re1+ 29. Rxe1 fxe1=Q+ 30. Kxe1 Qxd6 31. Bxg4+ Kc7 32. Bf3 Qb4+ 33. Kf2 Qxb3 34. axb3 Na5 35. Bd1 Kd6 36. Kg3 Kc5 37. Kg4 Kb4 38. Kxg5 Nxb3 39. Kf6 a5 40. Ke5 a4 41. Bc2 Kc3 42. Bb1 Kb2 43. Be4 a3 {[%emt 0:00:30] Kd4} 0-1

[Event "2nd Gujarat Open 2019"]
[Site "Ahmedabad, Gujarat"]
[Date "2019.09.27"]
[Round "8.18"]
[White "Aradhya, Garg"]
[Black "Rathnakaran, K.."]
[Result "0-1"]
[ECO "A40"]
[WhiteElo "2157"]
[BlackElo "2325"]
[Annotator "NA"]
[PlyCount "168"]
[EventDate "2019.09.22"]
[EventType "swiss"]
[EventCountry "IND"]
[SourceTitle "playchess.com"]
[Source "ChessBase"]
[SourceQuality "1"]
[TimeControl "5400+30"]

1. d4 g6 2. e4 c6 3. Nf3 d5 4. Nc3 Bg4 5. exd5 cxd5 6. Bb5+ Nc6 7. Bg5 Bg7 8. h3 Bxf3 9. Qxf3 a6 10. Ba4 b5 11. Qxd5 Nxd4 12. Bb3 Nxc2+ 13. Ke2 Nd4+ 14. Kf1 Nxb3 15. Qc6+ Kf8 16. axb3 Nf6 17. Rd1 Qe8 18. Qb7 h5 19. Re1 e6 20. h4 Kg8 21. Bxf6 Bxf6 22. Nd5 Kg7 23. Nxf6 Kxf6 24. Rh3 Kg7 25. Rf3 Rf8 26. Rc1 Qb8 27. Rc7 Qxb7 28. Rxb7 Rac8 29. g3 Rc6 30. Ra7 Kg8 31. b4 f5 32. Rc3 Rxc3 33. bxc3 f4 34. Kg2 f3+ 35. Kh3 Rc8 36. Rxa6 Kf7 37. Rb6 Rxc3 38. Rxb5 Rc1 39. g4 Rh1+ 40. Kg3 Rg1+ 41. Kxf3 Rxg4 42. Rb8 Rxh4 43. b5 Rb4 44. b6 Kg7 45. b7 g5 46. Kg3 Rb3+ 47. f3 e5 48. Kg2 h4 49. Kh2 e4 50. Re8 Rxb7 51. Rxe4 Rb2+ 52. Kh3 Rf2 53. f4 Rf3+ 54. Kg4 Rg3+ 55. Kf5 g4 56. Re7+ Kf8 57. Rh7 h3 58. Kg5 Kg8 59. Rh4 Rg2 60. f5 h2 61. Kg6 Rf2 62. f6 g3 63. Rd4 Rxf6+ 64. Kxf6 h1=Q 65. Rg4+ Kf8 66. Rxg3 Qh6+ 67. Kf5 Kf7 68. Rf3 Qh5+ 69. Kf4 Kf6 70. Ke4+ Ke6 71. Re3 Qg4+ 72. Kd3+ Kd5 73. Kd2 Qf4 74. Kd3 Qc4+ 75. Kd2 Kd4 76. Re2 Qb4+ 77. Kc2 Qa4+ 78. Kd2 Qa1 79. Kc2 Qa2+ 80. Kd1 Qb1+ 81. Kd2 Qf1 82. Re1 Qd3+ 83. Kc1 Kc3 84. Re2 Qxe2 0-1

[Event "2nd Gujarat Open 2019"]
[Site "Ahmedabad, Gujarat"]
[Date "2019.09.27"]
[Round "8.19"]
[White "Zia, Tahsin Tajwar"]
[Black "Pranav Vijay"]
[Result "0-1"]
[ECO "A45"]
[WhiteElo "2142"]
[BlackElo "2265"]
[Annotator "NA"]
[PlyCount "64"]
[EventDate "2019.09.22"]
[EventType "swiss"]
[EventCountry "IND"]
[SourceTitle "playchess.com"]
[Source "ChessBase"]
[SourceQuality "1"]
[TimeControl "5400+30"]

1. d4 Nf6 2. Bg5 Ne4 3. Bf4 c5 4. f3 Nf6 5. d5 g6 6. e4 d6 7. Nc3 Nbd7 8. Qd2 a6 9. a4 Qa5 10. Ra3 h6 11. g4 Bg7 12. Nge2 Rb8 13. Nc1 Qc7 14. Nb3 g5 15. Be3 Ne5 16. Qg2 Ng6 17. h4 Nxh4 18. Rxh4 gxh4 19. Qh2 h5 20. g5 Nd7 21. f4 Qb6 22. Bd3 Qc7 23. Be2 Nf8 24. a5 Bg4 25. Bc4 Ng6 26. Na4 h3 27. Qg3 f6 28. gxf6 Bxf6 29. Kf1 Rf8 30. Nd2 Be5 31. Kg1 Nxf4 32. Bxf4 Rxf4 0-1

[Event "2nd Gujarat Open 2019"]
[Site "Ahmedabad, Gujarat"]
[Date "2019.09.27"]
[Round "8.20"]
[White "Pandey Srishti"]
[Black "Souhardo Basak"]
[Result "1-0"]
[ECO "A21"]
[WhiteElo "1928"]
[BlackElo "2301"]
[Annotator "NA"]
[PlyCount "79"]
[EventDate "2019.09.22"]
[EventType "swiss"]
[EventCountry "IND"]
[SourceTitle "playchess.com"]
[Source "ChessBase"]
[SourceQuality "1"]
[TimeControl "5400+30"]

1. c4 e5 2. Nc3 g6 3. g3 d6 4. Bg2 Bg7 5. e3 f5 6. Nge2 Nf6 7. b3 c6 8. d4 O-O 9. dxe5 dxe5 10. Ba3 Re8 11. O-O Qa5 12. Qc1 Be6 13. Bd6 Nbd7 14. Rd1 Ng4 15. h3 Nh6 16. b4 Qb6 17. c5 Qxb4 18. Rb1 Qa5 19. Rxb7 Nxc5 20. Rxg7+ Kxg7 21. Bxe5+ Kg8 22. Bxc6 Nf7 23. Bd4 Ng5 24. h4 Nge4 25. Nxe4 Nxe4 26. Bxa8 Rxa8 27. Qc6 Qd5 28. Qc7 Bf7 29. f3 Nd6 30. Nc3 Qe6 31. Rb1 Ne8 32. Rb8 Rxb8 33. Qxb8 Qc6 34. Qe5 Kf8 35. Bc5+ Kg8 36. Qe7 Kg7 37. Qf8+ Kf6 38. Ne2 Qxf3 39. Qh8+ Ng7 40. Qd8+ 1-0

[Event "2nd Gujarat Open 2019"]
[Site "Ahmedabad, Gujarat"]
[Date "2019.09.27"]
[Round "8.21"]
[White "Shailesh, Dravid"]
[Black "Anustoop Biswas"]
[Result "1-0"]
[ECO "A06"]
[WhiteElo "2299"]
[BlackElo "2154"]
[Annotator "NA"]
[PlyCount "93"]
[EventDate "2019.09.22"]
[EventType "swiss"]
[EventCountry "IND"]
[SourceTitle "playchess.com"]
[Source "ChessBase"]
[SourceQuality "1"]
[TimeControl "5400+30"]

1. Nf3 d5 2. g3 Nf6 3. Bg2 c5 4. O-O e6 5. c4 d4 6. e3 Nc6 7. exd4 cxd4 8. d3 Bd6 9. Re1 h6 10. a3 a5 11. Nbd2 O-O 12. Rb1 e5 13. Nh4 Rb8 14. Ne4 Nxe4 15. Bxe4 Qf6 16. Qh5 Rd8 17. g4 g6 18. Qxh6 Bxg4 19. Bg5 Qg7 20. Qxg7+ Kxg7 21. Bxd8 Rxd8 22. Nf3 f6 23. Nd2 Rh8 24. Bxc6 bxc6 25. Ne4 Bc7 26. b4 f5 27. Nc5 Bd6 28. Nb7 Bc7 29. bxa5 e4 30. dxe4 Bxh2+ 31. Kg2 Bf4 32. Rh1 Bh5 33. Nc5 Kf6 34. a6 fxe4 35. Nxe4+ Kf5 36. Ng3+ Bxg3 37. Kxg3 Ra8 38. Rb6 Be2 39. Rxc6 Rb8 40. Rc5+ Kf6 41. Rb5 Ra8 42. Rb6+ Kf5 43. Rh4 Rd8 44. a7 Ra8 45. Rxd4 Rxa7 46. Rd5+ Ke4 47. Re6# 1-0

[Event "2nd Gujarat Open 2019"]
[Site "Ahmedabad, Gujarat"]
[Date "2019.09.27"]
[Round "8.22"]
[White "Nikhil Magizhnan"]
[Black "Nayem, Haque"]
[Result "1-0"]
[ECO "B00"]
[WhiteElo "2251"]
[BlackElo "2054"]
[Annotator "NA"]
[PlyCount "129"]
[EventDate "2019.09.22"]
[EventType "swiss"]
[EventCountry "IND"]
[SourceTitle "playchess.com"]
[Source "ChessBase"]
[SourceQuality "1"]
[TimeControl "5400+30"]

1. e4 d6 2. d4 e5 3. Nf3 Bg4 4. dxe5 Nd7 5. h3 Bxf3 6. Qxf3 dxe5 7. Bc4 Qf6 8. Qe2 Bc5 9. Nc3 Ne7 10. h4 Nb6 11. Bb5+ c6 12. Bd3 Ng6 13. g3 h6 14. Be3 Qe7 15. O-O-O Nf8 16. Bxc5 Qxc5 17. f4 O-O-O 18. Qg4+ Ne6 19. f5 h5 20. Qh3 Nd4 21. f6+ Kb8 22. fxg7 Rhg8 23. g4 hxg4 24. Qxg4 Ne6 25. h5 Rxg7 26. Qf5 Rh8 27. Kb1 Rgh7 28. Be2 Nd4 29. Qf6 a6 30. h6 Ka7 31. Rh3 Nd7 32. Qg5 Nf8 33. Bg4 Nfe6 34. Bxe6 Nxe6 35. Qf6 Nf4 36. Rh2 Rg8 37. a3 Rg6 38. Qf5 Rgxh6 39. Rxh6 Rxh6 40. Qxf7 Rd6 41. Rh1 Rd8 42. Rh7 Qg1+ 43. Ka2 Qg8 44. Na4 Qxf7+ 45. Rxf7 Ne6 46. Re7 Rd6 47. c4 c5 48. Nc3 Nf4 49. Nd5 Nd3 50. b4 Rh6 51. b5 axb5 52. cxb5 c4 53. a4 Rh2+ 54. Ka3 Rb2 55. Re8 Rb3+ 56. Ka2 Nb4+ 57. Nxb4 Rxb4 58. Rxe5 Rxa4+ 59. Kb2 Kb6 60. Kc3 Ka5 61. Rd5 Rb4 62. e5 Rb1 63. Kxc4 Re1 64. Kc5 b6+ 65. Kd6 1-0

[Event "2nd Gujarat Open 2019"]
[Site "Ahmedabad, Gujarat"]
[Date "2019.09.27"]
[Round "8.23"]
[White "Kiran, Manisha Mohanty"]
[Black "Deshmukh, Anup"]
[Result "1/2-1/2"]
[ECO "B94"]
[WhiteElo "2102"]
[BlackElo "2193"]
[Annotator "NA"]
[PlyCount "109"]
[EventDate "2019.09.22"]
[EventType "swiss"]
[EventCountry "IND"]
[SourceTitle "playchess.com"]
[Source "ChessBase"]
[SourceQuality "1"]
[TimeControl "5400+30"]

1. e4 c5 2. Nf3 d6 3. d4 cxd4 4. Nxd4 Nf6 5. Nc3 a6 6. Bg5 Bd7 7. Qe2 Nc6 8. O-O-O Nxd4 9. Rxd4 Rc8 10. Rd3 Qa5 11. Bd2 Qc7 12. Bg5 e6 13. Kb1 Be7 14. h4 b5 15. Re3 b4 16. Nd1 h6 17. Bf4 e5 18. Bh2 Ng4 19. Rh3 O-O 20. f3 Nxh2 21. R3xh2 f5 22. Ne3 fxe4 23. Qc4+ Qxc4 24. Bxc4+ Rxc4 25. Nxc4 Bb5 26. Ne3 exf3 27. gxf3 Rxf3 28. Nd5 Bd8 29. Nxb4 Rf4 30. a3 Kf7 31. h5 Ke6 32. Rd1 Rf1 33. Rxf1 Bxf1 34. Nd3 e4 35. Nf4+ Kf5 36. Rf2 Bb5 37. Nd5+ Ke5 38. Nc3 e3 39. Rf8 Be7 40. Rf3 Bg5 41. Rh3 Bd7 42. Rg3 d5 43. Ne2 d4 44. Kc1 Be8 45. Rh3 g6 46. hxg6 Bxg6 47. Kd1 Ke4 48. Ng3+ Kf3 49. Ne2+ Kg2 50. Rg3+ Kf2 51. Rh3 Kg2 52. Rg3+ Kf2 53. Rh3 Kg2 54. Rg3+ Kh2 55. Rxg5 1/2-1/2

[Event "2nd Gujarat Open 2019"]
[Site "Ahmedabad, Gujarat"]
[Date "2019.09.27"]
[Round "8.24"]
[White "Lakshmi Narayanan M V"]
[Black "Pranav, Shetty"]
[Result "1-0"]
[ECO "E63"]
[WhiteElo "2188"]
[BlackElo "2124"]
[Annotator "NA"]
[PlyCount "163"]
[EventDate "2019.09.22"]
[EventType "swiss"]
[EventCountry "IND"]
[SourceTitle "playchess.com"]
[Source "ChessBase"]
[SourceQuality "1"]
[TimeControl "5400+30"]

1. d4 Nf6 2. c4 g6 3. Nc3 Bg7 4. g3 O-O 5. Bg2 d6 6. Nf3 Nc6 7. O-O a6 8. b3 Rb8 9. Bb2 b5 10. cxb5 axb5 11. d5 Na5 12. Nd4 b4 13. Nb1 e5 14. Nc2 Bf5 15. Nd2 Qd7 16. e4 Bh3 17. Ne3 c5 18. a3 Bxg2 19. Kxg2 Qc7 20. Qe2 Nd7 21. Rfc1 bxa3 22. Rxa3 f5 23. Rca1 Nb7 24. Nec4 Bh6 25. Ra6 Bxd2 26. Nxd2 Nd8 27. f3 Nf7 28. Bc3 Rb7 29. Rc6 Qd8 30. Ba5 Qe7 31. Ra6 Rfb8 32. Bc3 Qd8 33. Ra7 Qb6 34. Qa6 Kf8 35. Rxb7 Qxb7 36. Qxb7 Rxb7 37. Ra8+ Ke7 38. Ba5 Nf6 39. h4 Kd7 40. Kf2 Ke7 41. Ke3 Kd7 42. Bc3 Ke7 43. Ra3 Nd7 44. Nc4 Nd8 45. Ba5 Nf7 46. Kd3 Ke8 47. Bd2 Nb6 48. Ne3 fxe4+ 49. fxe4 Ke7 50. g4 Nd7 51. Nc4 Kf6 52. g5+ Kg7 53. Kc2 Nb6 54. Ne3 Kf8 55. Ra6 Ke7 56. Ng4 Nd7 57. Ra8 Rb8 58. Ra7 Ke8 59. Ba5 Nd8 60. Kc3 Rb7 61. Ra8 Rb8 62. Nf6+ Ke7 63. Ra7 Nb7 64. Bc7 Rf8 65. Rxb7 Nxf6 66. gxf6+ Rxf6 67. Bb8+ Kd8 68. Rxh7 Kc8 69. Rh8+ Kb7 70. Rd8 Rf3+ 71. Kc4 Rf4 72. Bxd6 Rxe4+ 73. Kxc5 Rxh4 74. Bxe5 Re4 75. Bd4 g5 76. b4 g4 77. Rg8 Rf4 78. Rg7+ Kc8 79. b5 Re4 80. b6 Kb8 81. Kc6 Re8 82. Be5+ 1-0

[Event "2nd Gujarat Open 2019"]
[Site "Ahmedabad, Gujarat"]
[Date "2019.09.27"]
[Round "8.25"]
[White "Mehdi Hasan Parag"]
[Black "Priyankara, Chamil"]
[Result "1-0"]
[ECO "B90"]
[WhiteElo "2183"]
[BlackElo "1917"]
[Annotator "NA"]
[PlyCount "67"]
[EventDate "2019.09.22"]
[EventType "swiss"]
[EventCountry "IND"]
[SourceTitle "playchess.com"]
[Source "ChessBase"]
[SourceQuality "1"]
[TimeControl "5400+30"]

1. e4 c5 2. Nf3 a6 3. d4 cxd4 4. Nxd4 Nf6 5. Nc3 d6 6. Be3 e5 7. Nb3 Be7 8. f3 Be6 9. Qd2 O-O 10. O-O-O a5 11. a4 Nc6 12. g4 Nb4 13. g5 Ne8 14. Rg1 Qc8 15. Kb1 Nc7 16. f4 d5 17. f5 d4 18. fxe6 Nxe6 19. Nd5 Nxd5 20. exd5 dxe3 21. Qxe3 Qd8 22. h4 Nc7 23. Qxe5 Bd6 24. Qe4 Re8 25. Qf3 Re5 26. Bd3 Qe8 27. Rgf1 b5 28. Nd4 bxa4 29. Nf5 Bf8 30. d6 Nd5 31. Bc4 Rxf5 32. Qxf5 Ne3 33. Bxf7+ Kh8 34. Bxe8 1-0

[Event "2nd Gujarat Open 2019"]
[Site "Ahmedabad, Gujarat"]
[Date "2019.09.27"]
[Round "8.26"]
[White "Siddharth, Jagadeesh"]
[Black "Kadam Om Manish"]
[Result "0-1"]
[ECO "E06"]
[WhiteElo "2362"]
[BlackElo "1930"]
[Annotator "NA"]
[PlyCount "118"]
[EventDate "2019.09.22"]
[EventType "swiss"]
[EventCountry "IND"]
[SourceTitle "playchess.com"]
[Source "ChessBase"]
[SourceQuality "1"]
[TimeControl "5400+30"]

1. d4 Nf6 2. c4 e6 3. g3 d5 4. Bg2 Be7 5. Nf3 O-O 6. Nc3 c6 7. O-O b6 8. b3 Bb7 9. Bb2 Nbd7 10. Qc2 Rc8 11. e4 dxe4 12. Nxe4 Nxe4 13. Qxe4 Nf6 14. Qc2 Qc7 15. Rfe1 Rfd8 16. c5 Nd5 17. Ne5 Bf6 18. Ng4 Be7 19. a3 Nf6 20. Ne5 Nd7 21. Nd3 Ba6 22. Rad1 Bxd3 23. Rxd3 bxc5 24. dxc5 Nxc5 25. Rc3 Qb6 26. b4 Nd7 27. Rxc6 Rxc6 28. Qxc6 Qxc6 29. Bxc6 Nb6 30. Re4 Rd2 31. Be5 Ra2 32. Bd4 Rxa3 33. Bc5 Rc3 34. Bxb6 axb6 35. b5 Rc2 36. Ra4 g6 37. f4 h5 38. Ra7 Kf8 39. Rb7 Bc5+ 40. Kh1 h4 41. gxh4 Rf2 42. Rd7 Rxf4 43. h5 gxh5 44. Kg2 h4 45. Kh3 Kg7 46. Rd2 f5 47. Rd7+ Kf6 48. Rh7 e5 49. Rxh4 Rxh4+ 50. Kxh4 e4 51. Kg3 Ke5 52. h4 f4+ 53. Kg4 f3 54. Kg3 Bd6 55. h5 Kf5+ 56. Kf2 Kf4 57. h6 e3+ 58. Kg1 e2 59. h7 e1=Q+ 0-1

[Event "2nd Gujarat Open 2019"]
[Site "Ahmedabad, Gujarat"]
[Date "2019.09.27"]
[Round "8.27"]
[White "Saranya, J."]
[Black "Gandhi, Anish"]
[Result "1-0"]
[ECO "B91"]
[WhiteElo "2022"]
[BlackElo "2201"]
[Annotator "NA"]
[PlyCount "91"]
[EventDate "2019.09.22"]
[EventType "swiss"]
[EventCountry "IND"]
[SourceTitle "playchess.com"]
[Source "ChessBase"]
[SourceQuality "1"]
[TimeControl "5400+30"]

1. e4 c5 2. Nf3 d6 3. d4 cxd4 4. Nxd4 Nf6 5. Nc3 a6 6. g3 e5 7. Nde2 Be7 8. Bg2 O-O 9. O-O Be6 10. h3 b5 11. g4 Nbd7 12. Nd5 Bxd5 13. exd5 Nc5 14. f4 Nfd7 15. Be3 Rc8 16. b3 Re8 17. fxe5 Nxe5 18. Qd2 g6 19. Nd4 Bf6 20. Rae1 Bg7 21. Qf2 Qc7 22. Nc6 Ncd7 23. Bd4 Ra8 24. c4 f6 25. Qc2 bxc4 26. bxc4 Bh6 27. Be4 Kg7 28. Re2 Nc5 29. Bg2 Bg5 30. Bxc5 dxc5 31. Nxe5 fxe5 32. d6 Qxd6 33. Rd1 Qe7 34. Bxa8 Rxa8 35. Qe4 Re8 36. Qc6 Kh6 37. Rd7 Qf8 38. Qc7 Qh8 39. Kg2 e4 40. Rd5 Qc3 41. Rf2 e3 42. h4 Be7 43. Qf4+ Kg7 44. Qf7+ Kh6 45. g5+ Kh5 46. Qf3+ 1-0

[Event "2nd Gujarat Open 2019"]
[Site "Ahmedabad, Gujarat"]
[Date "2019.09.27"]
[Round "8.28"]
[White "Chokshi, Manthan J."]
[Black "Kshatriya Nitin Vekhande"]
[Result "1-0"]
[ECO "B23"]
[WhiteElo "2170"]
[BlackElo "1926"]
[Annotator "NA"]
[PlyCount "139"]
[EventDate "2019.09.22"]
[EventType "swiss"]
[EventCountry "IND"]
[SourceTitle "playchess.com"]
[Source "ChessBase"]
[SourceQuality "1"]
[TimeControl "5400+30"]

1. e4 c5 2. Nc3 g6 3. g3 Bg7 4. Bg2 Nc6 5. d3 e6 6. Be3 b6 7. Qd2 Nge7 8. Bh6 O-O 9. h4 Nd4 10. O-O-O Nec6 11. h5 Bxh6 12. Qxh6 g5 13. f4 f6 14. fxg5 fxg5 15. Nh3 Qf6 16. Qxf6 Rxf6 17. Nxg5 Ne5 18. Rdf1 Rxf1+ 19. Bxf1 Bb7 20. Bg2 Ng4 21. Kd2 h6 22. Nf3 Rf8 23. Nxd4 cxd4 24. Nd1 Ne3 25. Bh3 Ba6 26. Re1 Rf3 27. Nxe3 Rxg3 28. Bf1 dxe3+ 29. Rxe3 Rg5 30. Be2 d6 31. Rf3 Kg7 32. Rf4 e5 33. Rf2 Bc8 34. Kc3 Bd7 35. Kc4 Bc6 36. c3 a6 37. a3 Rg3 38. a4 b5+ 39. axb5 Bxb5+ 40. Kd5 Bxd3 41. Kxd6 Bxe4 42. Kxe5 Bb7 43. Bc4 Rg5+ 44. Rf5 Bc8 45. Be6 Bb7 46. Rxg5+ hxg5 47. Bg4 Bc6 48. b4 Bb5 49. Kd4 Kh6 50. c4 Be8 51. c5 Bxh5 52. Bxh5 Kxh5 53. c6 g4 54. c7 g3 55. c8=Q Kh4 56. Ke3 g2 57. Kf2 a5 58. Qh8+ Kg4 59. bxa5 g1=Q+ 60. Kxg1 Kf5 61. Qd4 Ke6 62. Qc5 Kf6 63. Qd5 Kg6 64. Qe5 Kf7 65. Qd6 Kg7 66. Qe6 Kh8 67. Qd7 Kg8 68. a6 Kf8 69. a7 Kg8 70. a8=Q# 1-0

[Event "2nd Gujarat Open 2019"]
[Site "Ahmedabad, Gujarat"]
[Date "2019.09.27"]
[Round "8.29"]
[White "Bidhar, Rutumbara"]
[Black "Harshita Guddanti"]
[Result "1/2-1/2"]
[ECO "C68"]
[WhiteElo "1847"]
[BlackElo "2168"]
[Annotator "NA"]
[PlyCount "91"]
[EventDate "2019.09.22"]
[EventType "swiss"]
[EventCountry "IND"]
[SourceTitle "playchess.com"]
[Source "ChessBase"]
[SourceQuality "1"]
[TimeControl "5400+30"]

1. e4 e5 2. Nf3 Nc6 3. Bb5 a6 4. Bxc6 dxc6 5. O-O Bg4 6. h3 h5 7. d3 Qf6 8. Nbd2 Bc5 9. Nc4 Bxf3 10. Qxf3 Qxf3 11. gxf3 f6 12. f4 b5 13. Na5 Ne7 14. Kh1 Kd7 15. Bd2 Raf8 16. fxe5 fxe5 17. f4 exf4 18. Bxf4 Rf7 19. Nb3 Bb6 20. Bg5 Rhf8 21. Rxf7 Rxf7 22. Nd2 Ng6 23. Rf1 Ne5 24. Kg2 Ke6 25. Nf3 Nxf3 26. Rxf3 Rxf3 27. Kxf3 c5 28. Be3 Kf6 29. c3 a5 30. b3 c4 31. d4 cxb3 32. axb3 a4 33. bxa4 bxa4 34. Bc1 c5 35. Bb2 a3 36. Bxa3 cxd4 37. cxd4 Bxd4 38. Bc1 g5 39. Bd2 Be5 40. Ba5 Ke6 41. Bd2 Bf6 42. Bc1 Be7 43. Bb2 Bf6 44. Bc1 Be7 45. Bb2 Bf6 46. Bc1 1/2-1/2

[Event "2nd Gujarat Open 2019"]
[Site "Ahmedabad, Gujarat"]
[Date "2019.09.27"]
[Round "8.30"]
[White "Joshi, Govind Ballabh"]
[Black "Adarsh Tripathi"]
[Result "1-0"]
[ECO "B70"]
[WhiteElo "2118"]
[BlackElo "1915"]
[Annotator "NA"]
[PlyCount "69"]
[EventDate "2019.09.22"]
[EventType "swiss"]
[EventCountry "IND"]
[SourceTitle "playchess.com"]
[Source "ChessBase"]
[SourceQuality "1"]
[TimeControl "5400+30"]

1. e4 c5 2. Nf3 g6 3. d4 cxd4 4. Nxd4 Nf6 5. Nc3 d6 6. Be2 Bg7 7. O-O O-O 8. Re1 Nc6 9. Nb3 Be6 10. Bf1 Rc8 11. Nd5 Ne5 12. Bg5 Nc4 13. Bxc4 Rxc4 14. Bxf6 exf6 15. c3 Re8 16. Qd3 Rc8 17. Nd4 Bxd5 18. exd5 Re5 19. Nf3 Rxe1+ 20. Rxe1 f5 21. Qb5 Qc7 22. h4 Bf6 23. h5 Kg7 24. Qb4 Qc5 25. Qxb7 g5 26. Nd4 Bxd4 27. cxd4 Qc7 28. Qa6 Rb8 29. Qc6 Qa5 30. h6+ Kxh6 31. Qxd6+ Kg7 32. Re7 Rb6 33. Qe5+ Rf6 34. g3 h6 35. d6 1-0

[Event "2nd Gujarat Open 2019"]
[Site "Ahmedabad, Gujarat"]
[Date "2019.09.27"]
[Round "8.31"]
[White "Aaditya Dhingra"]
[Black "Pimpalkhare Vedant"]
[Result "1/2-1/2"]
[ECO "C03"]
[WhiteElo "1880"]
[BlackElo "2104"]
[Annotator "NA"]
[PlyCount "80"]
[EventDate "2019.09.22"]
[EventType "swiss"]
[EventCountry "IND"]
[SourceTitle "playchess.com"]
[Source "ChessBase"]
[SourceQuality "1"]
[TimeControl "5400+30"]

1. e4 e6 2. d4 d5 3. Nd2 a6 4. Ngf3 c5 5. exd5 exd5 6. c3 Nc6 7. Bd3 c4 8. Qe2+ Qe7 9. Qxe7+ Ngxe7 10. Be2 Ng6 11. Nf1 Bd6 12. g3 f6 13. Ne3 Be6 14. h4 O-O 15. O-O b5 16. Re1 Nge7 17. Bf1 Kf7 18. Bd2 Rfb8 19. Ng2 b4 20. Bf4 Bxf4 21. Nxf4 Bf5 22. Nh2 g5 23. hxg5 fxg5 24. Nh3 Kf6 25. g4 Bd7 26. Bg2 bxc3 27. bxc3 Rb2 28. f4 h6 29. Re3 Rab8 30. Rf1 Kg6 31. fxg5 hxg5 32. Nf3 Bxg4 33. Nfxg5 Rb1 34. Rg3 Rxf1+ 35. Bxf1 Kh5 36. Nf3 Rf8 37. Be2 Ng6 38. Nf2 Nf4 39. Bd1 Bxf3 40. Rxf3 Kg5 1/2-1/2